 Dungeon Crawl Stone Soup version 0.31-a0-795-g5eb97db20b (webtiles) character file.

Game seed: 9945413761971573018

32 ytrimaz the Insei (level 3, -3/26 HPs)
             Began as a Demonspawn Shapeshifter on Sept 18, 2023.
             Slain by Terence
             ... wielding a +0 short sword
              (5 damage)
             ... on level 2 of the Dungeon.
             The game lasted 00:01:37 (967 turns).

ytrimaz the Insei (Demonspawn Shapeshifter)          Turns: 967, Time: 00:01:38

Health: -3/26      AC:  2    Str: 14    XL:     3   Next: 10%
Magic:  3/3        EV: 12    Int: 11    God:
Gold:   24         SH:  0    Dex: 14    Spells: 2/2 levels left

rFire   . .          .
                       - Unarmed
rCold   . . .        (no shield)
rNeg    . . .        a - +0 animal skin
rPois   .            (helmet currently unavailable)
rElec   .            (cloak currently unavailable)
rCorr   .            (gloves currently unavailable)
SInv    .            (boots currently unavailable)
Will    .....        (no amulet)
Stlth   +            (no ring)
HPRegen 0.24/turn    (no ring)
MPRegen 0.08/turn

%: no passive effects
@: beast-form
A: beast (slay +1), claws 1
a: Begin Untransformation


You were on level 2 of the Dungeon.
You were a hulking beast.
You visited 1 branch of the dungeon, and saw 2 of its levels.

You collected 24 gold pieces.


Innate Abilities, Weirdness & Mutations

You are a hulking beast.
Your limbs bulge with bestial killing power. (Slay +1)
You have sharp fingernails.


   Skills:
 - Level 1.0 Fighting
 - Level 1.7 Dodging
 + Level 3.3 Unarmed Combat
 + Level 3.2 Shapeshifting


You had 2 spell levels left.
You didn't know any spells.
Your spell library was empty.

Inventory:

Armour
 a - a +0 animal skin (worn)
Talismans
 c - a beast talisman (active)
 d - a flux talisman
Scrolls
 e - 2 scrolls of identify {unknown}
 g - a scroll of noise {unknown}
 h - a scroll of amnesia {unknown}
 i - a scroll of poison {unknown}
Potions
 b - a potion of lignification

Dungeon Overview and Level Annotations

Branches:
Dungeon (2/15) Zot: 11034

Altars:

Annotations:
D:2 Terence

#...$# ≈≈≈~~≈~.~...
#....## ≈≈~~≈~.....
###.....## ≈≈≈≈~≈~....
#........#######.≈~~~...
#.#..........##~≈~≈~....
##.#..........##~~~~~.###
..$.....@......##~~~~..#<.
###.##.####....##~~~~~.#.#
# ...#.h@.......~~~~~..#
###.#.####.....~≈.....#
#... #...#~≈~.~...# ####
#...#~~.~~...#
#...#~.~~~....
###.#.~~~~~.## #.#.~.~~###
#.#~≈≈~~≈ #.≈~≈≈≈


You could see Terence.


Message History

The hobgoblin barely misses you.
You scratch the hobgoblin. Your claw misses the hobgoblin.
The hobgoblin closely misses you.
Your unstable footing causes you to fumble your attack.
The hobgoblin closely misses you.
You scratch the hobgoblin.
You kill the hobgoblin! 😕 HP[+1] Unknown command.
i - a scroll labelled MIEMYNLATEI 😎 HP[+1]
Your hp is fully restored (21).
You enter the shallow water.
Moving in this stuff is going to be slow.
Terence and an adder come into view.
Terence is wielding a +0 short sword and wearing a +4 scale mail of cold resistance.
Terence shouts!
The adder hisses angrily.
Unknown command.
The adder closely misses you. The adder attacks as it pursues you!
The adder barely misses you. The adder attacks as it pursues you!
The adder barely misses you.
You scratch the adder but do no damage. The adder barely misses you.
The adder closely misses you.
You miss the adder. The adder closely misses you.
You miss the adder. The adder bites you. x2 😕 HP[-2]
You take 2 damage, and now have 19/21 hp.
You closely miss the adder. The adder bites you. 😕 HP[-2]
You take 2 damage, and now have 17/21 hp.
You claw the adder! The adder misses you.
You miss the adder. The adder misses you.
You scratch the adder.
You kill the adder!
You have reached level 3!
Your experience leads to an increase in your attributes!
Increase (S)trength, (I)ntelligence, or (D)exterity?
You feel agile. x2 😕 HP[+5] MP[+1]
You now have 26 max hp (+5).
You regained 5 hp, and now have 22/26 hp.
Your mp is fully restored (3).
Unknown command.
You scratch Terence.
Terence hits you with a +0 short sword. 😮 HP[-4]
You take 4 damage, and now have 18/26 hp.
You scratch Terence but do no damage. Terence closely misses you.
You are too injured to fight recklessly!
Unknown command.
You scratch Terence. Terence closely misses you. 😮 HP[+1]
You scratch Terence but do no damage.
Terence screams, "I'm going to kill you!"
Terence closely misses you.
You closely miss Terence.
Terence hits you with a +0 short sword. 😮 HP[-2]
You take 2 damage, and now have 17/26 hp.
You are too injured to fight recklessly!
Unknown command.
You scratch Terence but do no damage.
Terence hits you with a +0 short sword. 😮 HP[-3]
You take 3 damage, and now have 14/26 hp.
You scratch Terence but do no damage. Terence hits you with a +0 short sword.
* * * LOW HITPOINT WARNING * * *
😨 HP[-4]
You take 4 damage, and now have 10/26 hp.
You are too injured to fight recklessly!
You scratch Terence. You claw Terence. Terence says, "How do you enjoy it?"
Terence hits you with a +0 short sword.
* * * LOW HITPOINT WARNING * * *
Unknown command. 😨 HP[-2]
You take 2 damage, and now have 8/26 hp.
You are too injured to fight recklessly!
You closely miss Terence. Terence closely misses you.
You closely miss Terence. Terence misses you.
Unknown command.
You barely miss Terence. Terence hits you but does no damage.
You completely miss Terence. Terence hits you with a +0 short sword.
* * * LOW HITPOINT WARNING * * *
😱 HP[-4]
You take 4 damage, and now have 4/26 hp.
Unknown command.
You scratch Terence but do no damage. You scratch Terence.
Terence hits you with a +0 short sword.
* * * LOW HITPOINT WARNING * * *
😱 HP[-3]
You take 3 damage, and now have 1/26 hp.
Unknown command.
Okay, then.
It was a potion of cancellation.
You feel magically purged. Terence closely misses you.
Okay, then.
Unknown command.
You scratch Terence but do no damage.
Terence misses you. 😱 HP[+1] Unknown command.
You scratch Terence but do no damage. Terence hits you with a +0 short sword.
You die...

Skill      XL: |  1  2 |
---------------+-------+-----
Unarmed Combat | 3 |  3.3
Shapeshifting  | 3 |  3.2
Fighting       | |  1.0
Dodging        | |  1.7

Action                     || total
---------------------------++-------
  Melee: Unarmed           ||    93
         Punch             ||     2
    Use: Potion            ||     1
   Stab: Sleeping          ||     2
 Armour: Animal skin       ||    41
  Dodge: Dodged            ||    62

Levels and vault maps discovered:
D:1:      doesnt_arrival_eight_statues, layout_loops_ring, nrook_uturn
D:2:      layout_basic, serial_rivers, chequers_serial_rivers_micro_e,
          chequers_serial_rivers_large_a, chequers_serial_rivers_micro_d,
          chequers_serial_rivers_small_3, chequers_serial_rivers_micro_b,
          uniq_terence

Notes
Turn   | Place    | Note
-------+----------+-------------------------------------------
     0 | D:1      | ytrimaz the Demonspawn Shapeshifter began the quest for the
                  | Orb.
     0 | D:1      | Reached XP level 1. HP: 15/15 MP: 1/1
     0 | D:1      | magus.rc [v1.9.6]
   213 | D:1      | Reached skill level 3 in Unarmed Combat
   235 | D:1      | Gained mutation: You have sharp fingernails. [demonic
                  | ancestry]
   235 | D:1      | Reached XP level 2. HP: 21/21 MP: 2/2
   290 | D:1      | Reached skill level 3 in Shapeshifting
   935 | D:2      | Noticed Terence
   951 | D:2      | Reached XP level 3. HP: 22/26 MP: 3/3
   962 | D:2      | HP: 4/26 [Terence/+0 short sword (5)]
   964 | D:2      | HP: 1/26 [Terence/+0 short sword (3)]
   967 | D:2      | Slain by Terence

Vanquished Creatures
  An adder (D:2)
  4 ball pythons (D:1)
  2 endoplasms (D:1)
  3 goblins (D:1)
  2 hobgoblins
  3 jackals (D:1)
  A kobold (D:1)
  A quokka (D:1)
  3 bats (D:1)
  A rat (D:1)
21 creatures vanquished.

Table legend:
 A = Non-vault XP
 B = Vault XP
 C = Vault XP percentage of total XP
 D = Non-vault monster count
 E = Vault monster count
 F = Vault count percentage of total count
                 A         B        C        D         E       F
            +---------+---------+-------+---------+---------+-------
      Total |      47 |       0 |   0.0 |      21 |       0 |   0.0
            +---------+---------+-------+---------+---------+-------
        D:1 |      31 |       0 |   0.0 |      19 |       0 |   0.0
        D:2 |      16 |       0 |   0.0 |       2 |       0 |   0.0
            +---------+---------+-------+---------+---------+-------

Skill      XL: |  1  2 |
---------------+-------+-----
Unarmed Combat | 3 |  3.3
Shapeshifting  | 3 |  3.2
Fighting       | |  1.0
Dodging        | |  1.7

Action                     || total
---------------------------++-------
  Melee: Unarmed           ||    93
         Punch             ||     2
    Use: Potion            ||     1
   Stab: Sleeping          ||     2
 Armour: Animal skin       ||    41
  Dodge: Dodged            ||    62

Illustrated notes

Table legend:
 A = Kills in this place as a percentage of kills in the entire game.
 B = Kills by you in this place as a percentage of kills by you in the entire game.
 C = Kills by friends in this place as a percentage of kills by friends in the entire game.
 D = Other kills in this place as a percentage of other kills in the entire game.
 E = Experience gained in this place as a percentage of experience gained in the entire game.
 F = Experience gained in this place divided by the number of levels of this place that you have seen.
                   A       B       C       D       E      F
               +-------+-------+-------+-------+-------+----------------------
         Total | 100.0 | 100.0 |   N/A |   N/A | 100.0 |  23.5
       Dungeon | 100.0 | 100.0 |   N/A |   N/A | 100.0 |  23.5
               +-------+-------+-------+-------+-------+----------------------

Table legend: (Time is in decaauts)
 A = Elapsed time spent in this place.
 B = Non-inter-level travel time spent in this place.
 C = Inter-level travel time spent in this place.
 D = Time resting spent in this place.
 E = Time spent auto-exploring this place.
 F = Levels seen in this place.
 G = Mean time per level.
                   A        B        C        D        E       F      G
               +--------+--------+--------+--------+--------+-----+--------+
         Total |    964 |    934 |     30 |      0 |    733 |   2 |  482.0 |
       Dungeon |    964 |    934 |     30 |      0 |    733 |   2 |  482.0 |
               +--------+--------+--------+--------+--------+-----+--------+

Top non-repeatable levels by time:
     D:1: 895 daAuts
     D:2: 68 daAuts
